 Dungeon Crawl Stone Soup version 0.24.0-13-gcf9b319 (webtiles) character file.

Game seed: 17615630055295961863, levelgen mode: deterministic

34 Anuprightman the Cudgeler (level 3, -4/23 HPs)
             Began as a Gargoyle Fighter on Dec 23, 2019.
             Slain by Crazy Yiuf
             ... wielding a +4 quarterstaff of chaos
              (6 damage)
             ... on level 2 of the Dungeon.
             The game lasted 00:01:50 (992 turns).

Anuprightman the Cudgeler (Gargoyle Fighter)         Turns: 992, Time: 00:01:51

Health: -4/23      AC: 11    Str: 20    XL:     3   Next: 31%
Magic:  3/3        EV:  7    Int:  8    God:
Gold:   74         SH:  9    Dex:  9    Spells: 2/2 levels left

rFire    . . .     SeeInvis .   a - +0 flail
rCold    . . .     Gourm    .   c - +0 shield
rNeg     + . .     Faith    .   b - +0 scale mail
rPois    ∞         Spirit   .   (no helmet)
rElec    +         Reflect  .   (no cloak)
rCorr    .         Harm     .   k - +0 pair of gloves
MR       .....                  (no boots)
Stlth    ..........             (no amulet)
HPRegen  0.07/turn              l - ring of flight
MPRegen  0.08/turn              (no ring)

@: no status effects
A: negative energy resistance 1, electricity resistance, unbreathing,
petrification resistance, rot immunity, AC +3
a: Evoke Flight


You were on level 2 of the Dungeon.
You were not hungry.

You visited 1 branch of the dungeon, and saw 2 of its levels.

You collected 74 gold pieces.

Inventory:

Hand Weapons
 a - a +0 flail (weapon)
 n - a +1 mace of protection
Armour
 b - a +0 scale mail (worn)
 c - a +0 shield (worn)
 h - a +0 buckler
 k - a +0 pair of gloves (worn)
Jewellery
 l - a ring of flight (left hand)
Potions
 d - 2 potions of might
 e - a potion of flight
 g - a potion of invisibility
 i - a potion of brilliance {unknown}
 j - a potion of degeneration
Comestibles
 f - 4 rations
 m - 3 chunks of flesh


   Skills:
 - Level 3.2 Fighting
 + Level 3.6 Maces & Flails
 - Level 3.2 Armour
 - Level 3.2 Shields


You had 2 spell levels left.
You didn't know any spells.
Your spell library was empty.

Dungeon Overview and Level Annotations

Branches:
Dungeon (2/15)

Altars:

Annotations:
D:2 Crazy Yiuf


Innate Abilities, Weirdness & Mutations

You are resistant to torment.
Your stone body is resilient. (AC +3)
You are immune to poison.
You resist negative energy. (rN+)
You are resistant to electric shocks. (rElec)
You can survive without breathing.
You are immune to petrification.
You are immune to rotting.


Message History

Found three maces.
You see here a mace.
As you open the door, it creaks loudly!
You closely miss Crazy Yiuf.
Crazy Yiuf hits you with a +4 quarterstaff of chaos.
Crazy Yiuf burns you.
Your shield prevents you from hitting Crazy Yiuf.
Crazy Yiuf hits you with a +4 quarterstaff of chaos.
Crazy Yiuf freezes you.
Crazy Yiuf hits you with a +4 quarterstaff of chaos!
* * * LOW HITPOINT WARNING * * *
Crazy Yiuf freezes you.
* * * LOW HITPOINT WARNING * * *
You sock Crazy Yiuf!
Crazy Yiuf is severely wounded.
Crazy Yiuf barely misses you.
You hit Crazy Yiuf.
Crazy Yiuf is severely wounded.
Crazy Yiuf hits you with a +4 quarterstaff of chaos.
You die...

..# ##'#.....##.........#.######.
#.###......###########..#...)..#.
.÷.##......# #.##.#.##.#.
.#.##......# ##### #.##.#.##.#.
.#..#......# #).)# #.##.#.##.#.
.##.#......# #)))# #....#.##.## .
#..#.....# ))) #.####.##.## .
##.#.....# #g# #......##.## .
#.#..>..# ♣@♣♣ #.(...###.## .
#.+.....# ♣♣)♣ ##.##.# #.##
.####+.....# ♣)♣♣ #..##.# #.##
...........# ♣♣)♣ #####.###.##
#........#+# ♣♣.♣♣ #.......#.##
.........# ♣♣..)♣ #####.#...##
.........#. ♣....♣ #....#.....
.........#. ##..## #.####.####
.....#'###.####....####.# #.#


You could see Crazy Yiuf.

Vanquished Creatures
  An adder (D:2)
  An ooze (D:1)
  2 dart slugs (D:1)
  A leopard gecko (D:1)
  A giant cockroach (D:1)
  2 goblins
  A jackal (D:1)
  2 kobolds
  A ball python (D:2)
  3 bats
  2 rats
17 creatures vanquished.

Notes
Turn   | Place    | Note
-------+----------+-------------------------------------------
     0 | D:1      | Anuprightman the Gargoyle Fighter began the quest for the
                  | Orb.
     0 | D:1      | Reached XP level 1. HP: 14/14 MP: 1/1
    86 | D:1      | Reached XP level 2. HP: 19/19 MP: 2/2
   779 | D:2      | Reached XP level 3. HP: 21/23 MP: 3/3
   984 | D:2      | Found a runed translucent door.
   985 | D:2      | Noticed Crazy Yiuf
   990 | D:2      | HP: 1/23 [Crazy Yiuf/+4 quarterstaff of chaos (2)]
   992 | D:2      | Slain by Crazy Yiuf

Levels and vault maps discovered:
D:1:      dpeg_arrival_simpleton_b, layout_loops_ring, grunt_decor_arrowhead,
          minmay_pentomino_r4
D:2:      layout_basic, minmay_pentomino_pile, uniq_crazy_yiuf_cottage

Skill      XL: |  1  2 |
---------------+-------+-----
Maces & Flails | 3 |  3.6
Fighting       | |  3.2
Armour         | |  3.2
Shields        | |  3.2

Action                   || total
-------------------------++-------
Melee: Flail             ||    54
  Use: Scroll            ||     3
Armor: Scale mail        ||    24
Dodge: Dodged            ||    17
Block: Shield            ||    23
